 Dungeon Crawl Stone Soup version 0.21.1-1-g345015f (webtiles) character file.

3689 Monsterracer the Cleaver (level 9, -3/81 HPs)
             Began as a Minotaur Venom Mage on July 5, 2018.
             Was an Initiate of Uskayaw.
             Slain by a snapping turtle (6 damage)
             ... on level 8 of the Dungeon.
             The game lasted 00:14:25 (9190 turns).

Monsterracer the Cleaver (Minotaur Venom Mage)      Turns: 9190, Time: 00:14:26

Health: -3/81      AC: 13    Str: 19    XL:     9   Next: 90%
Magic:  5/11       EV:  7    Int: 12    God:    Uskayaw [......]
Gold:   533        SH: 13    Dex: 11    Spells: 10/10 levels left

rFire    . . .     SeeInvis .   a - +0 war axe
rCold    . . .     Gourm    .   n - +0 shield
rNeg     . . .     Faith    .   v - +0 chain mail
rPois    +         Spirit   .   (helmet restricted)
rElec    .         Reflect  +   o - +2 cloak
rCorr    .         Harm     .   (no gloves)
MR       .....                  (no boots)
Stlth    ..........             p - +3 amulet of reflection
HPRegen  0.23/turn              u - +3 ring of strength
MPRegen  0.12/turn              q - ring of poison resistance {!d}

@: no status effects
A: retaliatory headbutt, horns 2
a: Renounce Religion


You were on level 8 of the Dungeon.
You worshipped Uskayaw.
Uskayaw was noncommittal.
You were near starving.

You visited 2 branches of the dungeon, and saw 10 of its levels.

You collected 533 gold pieces.

Inventory:

Hand Weapons
 a - a +0 war axe (weapon)
 b - a +2 flail of protection
Armour
 n - a +0 shield (worn)
 o - a +2 cloak (worn)
 v - a +0 chain mail (worn)
 x - a scarf of resistance
Jewellery
 p - a +3 amulet of reflection (around neck)
 q - a ring of poison resistance (right hand) {!d}
 u - a +3 ring of strength (left hand)
 y - an uncursed ring of flight
Wands
 j - a wand of polymorph (2)
 B - a wand of enslavement (8)
Scrolls
 e - 2 scrolls of identify
 g - 2 scrolls of teleportation
 k - 3 scrolls of remove curse
 A - a scroll of fear {!r}
Potions
 d - a potion of berserk rage {!q}
 f - a potion of flight
 h - 2 potions of lignification
 i - 5 potions of curing
 l - a potion of resistance
 m - 3 potions of heal wounds
 r - 2 potions of magic
 s - a potion of agility
 t - a potion of ambrosia {!q}
 w - a potion of invisibility
 z - 3 potions of might
 C - 2 potions of haste
Comestibles
 c - 14 rations


   Skills:
 + Level 7.8 Fighting
 * Level 10.1 Axes
 + Level 5.9 Armour
 - Level 3.2 Dodging
 - Level 1.5 Stealth
 + Level 6.0 Shields
 - Level 1.3 Spellcasting
   Level 0.6 Conjurations
   Level 2.1 Poison Magic
 + Level 4.9 Invocations


You had 10 spell levels left.
You didn't know any spells.

Dungeon Overview and Level Annotations

Branches:
Dungeon (9/15)             Temple (1/1) D:4
   Lair: D:8-11         Orc: D:9-12

Altars:
Ashenzari
Cheibriados
Dithmenos
Elyvilon
Fedhas
Hepliaklqana
Kikubaaqudgha
Nemelex Xobeh
Okawaru
Qazlal
Ru
Sif Muna
Trog
Uskayaw
Vehumet
Wu Jian
Xom
Yredelemnul
Zin
The Shining One
Beogh


Innate Abilities, Weirdness & Mutations

You reflexively headbutt those who attack you in melee.
You have a pair of horns on your head.


Message History

Evoke which item? (* to show all) (? for menu, Esc to quit)
Aiming: Polymorph
Press: ? - help, Shift-Dir - straight line, f/p - two-headed ogre
Aim: a two-headed ogre, wielding two giant clubs (chance to defeat MR: 28%)
The two-headed ogre easily resists.
There is a stone staircase leading up here.
You climb upwards.
There is a stone staircase leading down here.
There is a stone staircase leading down here.
You climb downwards.
There is a stone staircase leading up here.
The two-headed ogre shouts in stereo!
The two-headed ogre is too close now for your liking.
You see here a ring mail.
Evoke which item? (* to show all) (? for menu, Esc to quit)
Aiming: Polymorph
Press: ? - help, Shift-Dir - straight line, f - two-headed ogre
Aim: a two-headed ogre, wielding two giant clubs (chance to defeat MR: 28%)
The two-headed ogre easily resists.
Evoke which item? (* to show all) (? for menu, Esc to quit)
Aiming: Polymorph
Press: ? - help, Shift-Dir - straight line, f/p - two-headed ogre
Aim: a two-headed ogre, wielding two giant clubs (chance to defeat MR: 28%)
The two-headed ogre easily resists.
Evoke which item? (* to show all) (? for menu, Esc to quit)
Aiming: Polymorph
Press: ? - help, Shift-Dir - straight line, f/p - two-headed ogre
Aim: a two-headed ogre, wielding two giant clubs (chance to defeat MR: 28%)
The two-headed ogre evaporates and reforms as a snapping turtle!
Unknown command.
You block the snapping turtle's attack.
You barely miss the snapping turtle. You block the snapping turtle's attack.
You slash the snapping turtle!
The snapping turtle is lightly wounded.
You block the snapping turtle's attack.
You hit the snapping turtle but do no damage.
The snapping turtle is lightly wounded.
You block the snapping turtle's attack.
You hit the snapping turtle but do no damage.
Your headbutt misses the snapping turtle.
The snapping turtle is lightly wounded.
The snapping turtle barely misses you. You furiously retaliate!
You headbutt the snapping turtle! You barely miss the snapping turtle.
You headbutt the snapping turtle, but do no damage.
The snapping turtle is moderately wounded.
The snapping turtle bites you but does no damage.
The snapping turtle bites you.
You take 4 damage, and have 77/81 hp.
You slash the snapping turtle!
You headbutt the snapping turtle, but do no damage.
The snapping turtle is heavily wounded.
The snapping turtle bites you.
You take 2 damage, and have 75/81 hp.
You hit the snapping turtle but do no damage.
You headbutt the snapping turtle.
The snapping turtle is heavily wounded.
You block the snapping turtle's attack.
You hit the snapping turtle. You headbutt the snapping turtle!
The snapping turtle is severely wounded.
The snapping turtle bites you!
You can now pass through a line of other dancers.
You take 13 damage, and have 62/81 hp.
You barely miss the snapping turtle.
The snapping turtle is severely wounded.
The snapping turtle bites you!!
You hit the snapping turtle but do no damage.
The snapping turtle is severely wounded.
The snapping turtle barely misses you.
You take 21 damage, and have 41/81 hp.
MASSIVE DAMAGE!!
You barely miss the snapping turtle.
The snapping turtle is severely wounded.
You block the snapping turtle's attack.
You are too injured to fight recklessly!
You hit the snapping turtle but do no damage.
The snapping turtle is severely wounded.
The snapping turtle bites you!!
* * * LOW HITPOINT WARNING * * *
You take 17 damage, and have 24/81 hp.
MASSIVE DAMAGE!!
You hit the snapping turtle but do no damage.
The snapping turtle is severely wounded.
The snapping turtle bites you!
* * * LOW HITPOINT WARNING * * *
You can no longer pass through a line of other dancers.
You take 8 damage, and have 16/81 hp.
Okay, then.
You stomp with the beat, sending a shockwave through the revelers around you!
The snapping turtle is almost dead.
You feel somewhat more hungry.
You can no longer stomp with the beat.
The snapping turtle bites you!
* * * LOW HITPOINT WARNING * * *
You can now stomp with the beat.
You take 13 damage, and have 3/81 hp.
You now have 8/11 mp.
You stomp with the beat, sending a shockwave through the revelers around you!
The snapping turtle is almost dead.
You are near starving!
You can no longer stomp with the beat.
The snapping turtle bites you.
You die...

#.# #...#..........##......
#.# ##....###########....).
###.#####...## ##.....
###..>........####### #......
#...#.#####.........#
##...... #.###.# #......(..#
##....... #...#.#
#...).....####........
###...#
#....t....##<......... ###.#
#######@#.......###(.[..
#.###...# #.#......## ##....
#.......###[.#..#### #>...#
##.###...#.........# ##.##(#
#...##...#.##.#.##.####..##..
#...##.....##.#.##.##...####.
#...##....###.#.##....### ###
#...##....# #...####### #..
#......##.####..# #.#


You could see a snapping turtle.

Vanquished Creatures
  2 hippogriffs
  Sigmund (D:2)
  A spriggan (D:7)
  Edmund (D:5)
  A sky beast (D:6)
  A necrophage (D:5)
  5 phantoms
  2 ogres
  A centaur (D:8)
  2 bullfrogs (D:6)
  2 scorpions
  6 killer bees (D:7)
  2 howler monkeys
  A crimson imp (D:8)
  A bullfrog zombie (D:3)
  A centaur skeleton (D:6)
  5 hounds
  3 jellies
  Crazy Yiuf (D:3)
  7 orc wizards
  A bullfrog skeleton (D:6)
  3 orc priests
  An iguana (D:8)
  Terence (D:3)
  4 worker ants
  A hound skeleton (D:6)
  9 adders
  10 gnolls
  A howler monkey skeleton (D:5)
  An adder zombie (D:3)
  A worm (D:1)
  A dart slug (D:1)
  4 leopard geckos
  20 orcs
  7 giant cockroaches
  8 hobgoblins
  11 jackals
  6 quokkas
  7 bats
  2 frilled lizards
  5 goblins
  A jackal skeleton (D:5)
  12 kobolds
  A leopard gecko skeleton (D:5)
  7 rats
171 creatures vanquished.

Vanquished Creatures (others)
  A cyclops (D:8)
1 creature vanquished.

Grand Total: 172 creatures vanquished

Notes
Turn   | Place    | Note
-------+----------+-------------------------------------------
     0 | D:1      | Monsterracer the Minotaur Venom Mage began the quest for the Orb.
     0 | D:1      | Reached XP level 1. HP: 14/14 MP: 1/1
   190 | D:1      | Reached skill level 1 in Fighting
   234 | D:1      | Reached XP level 2. HP: 19/24 MP: 3/3
   918 | D:2      | Reached XP level 3. HP: 30/31 MP: 4/4
   971 | D:1      | HP: 11/33 [worm (8)]
  1030 | D:2      | HP: 8/33 [hobgoblin/club (5)]
  1350 | D:2      | Noticed Sigmund
  1503 | D:2      | HP: 15/33 [Sigmund/puff of flame (3)]
  1541 | D:2      | HP: 16/33 [kobold (1)]
  1546 | D:2      | HP: 12/33 [kobold (2)]
  1762 | D:2      | Found an ornate altar of the Wu Jian Council.
  1989 | D:2      | Reached XP level 4. HP: 37/41 MP: 5/5
  2254 | D:3      | Noticed a phantom
  2290 | D:3      | Killed a phantom
  2290 | D:3      | Reached skill level 3 in Axes
  2290 | D:3      | Reached XP level 5. HP: 32/47 MP: 6/6
  2732 | D:3      | Reached skill level 4 in Axes
  2880 | D:3      | Found a runed door.
  3042 | D:3      | Noticed Terence
  3052 | D:3      | Killed Terence
  3055 | D:3      | Reached XP level 6. HP: 50/53 MP: 7/7
  3066 | D:3      | HP: 26/53 [gnoll/enchanted spear (7)]
  3069 | D:3      | Reached skill level 5 in Axes
  3073 | D:3      | HP: 11/53 [gnoll/enchanted spear (9)]
  3741 | D:4      | Found a hazy altar of Hepliaklqana.
  3776 | D:4      | Found a staircase to the Ecumenical Temple.
  3787 | Temple   | Entered the Ecumenical Temple
  3991 | Temple   | Became a worshipper of Uskayaw the Reveler
  4034 | D:4      | Reached * piety under Uskayaw
  4194 | D:4      | Reached ** piety under Uskayaw
  4196 | D:4      | HP: 23/55 [gnoll/halberd (9)]
  4197 | D:4      | Reached skill level 1 in Armour
  4200 | D:4      | Reached *** piety under Uskayaw
  4683 | D:5      | Entered Level 5 of the Dungeon
  4689 | D:5      | Reached skill level 5 in Fighting
  4689 | D:5      | Reached skill level 1 in Shields
  4722 | D:5      | Reached skill level 1 in Invocations
  4722 | D:5      | Reached XP level 7. HP: 58/61 MP: 8/8
  4759 | D:5      | Noticed Edmund
  4772 | D:5      | Killed Edmund
  4777 | D:5      | Reached **** piety under Uskayaw
  4783 | D:5      | Reached skill level 6 in Axes
  4789 | D:5      | Reached ***** piety under Uskayaw
  5399 | D:5      | Reached XP level 8. HP: 56/70 MP: 9/9
  5486 | D:5      | Found a snail-covered altar of Cheibriados.
  5498 | D:5      | Reached skill level 7 in Axes
  6114 | D:6      | Found a glowing silver altar of Zin.
  6385 | D:6      | Reached skill level 8 in Axes
  6419 | D:6      | Found a blossoming altar of Fedhas.
  6654 | D:7      | HP: 28/71 [ogre/giant club (13)]
  6655 | D:7      | Reached XP level 9. HP: 31/78 MP: 10/10
  6661 | D:7      | HP: 29/78 [poisoned by a killer bee]
  6668 | D:7      | HP: 29/78 [poisoned by a killer bee]
  6676 | D:7      | HP: 29/78 [poisoned by a killer bee]
  7282 | D:7      | Reached skill level 9 in Axes
  7282 | D:7      | Reached skill level 5 in Shields
  7615 | D:2      | Found an ornate altar of the Wu Jian Council.
  7637 | D:2      | Killed Sigmund
  7637 | D:2      | Reached skill level 5 in Armour
  7725 | D:3      | Noticed Crazy Yiuf
  7730 | D:3      | Killed Crazy Yiuf
  8022 | D:8      | Noticed a two-headed ogre
  8366 | D:9      | Found a roughly hewn altar of Beogh.
  8384 | D:9      | HP: 35/79 [orc warrior/halberd (11)]
  8751 | D:8      | Noticed a cyclops
  8753 | D:8      | Killed a cyclops
  8753 | D:8      | Reached skill level 10 in Axes
  8858 | D:8      | HP: 39/81 [two-headed ogre/giant club (12)]
  9173 | D:8      | a two-headed ogre changed into a snapping turtle
  9187 | D:8      | HP: 24/81 [snapping turtle (18)]
  9189 | D:8      | HP: 3/81 [snapping turtle (13)]
  9190 | D:8      | Slain by a snapping turtle

Skill      XL: |  1  2  3  4  5  6  7  8  9 |
---------------+----------------------------+-----
Fighting       | 2 3 4 5 6 7 |  7.8
Axes           | 3 4 5 6 8 10 | 10.1
Armour         | 1 2 4 5 |  5.9
Shields        | 1 3 4 6 |  6.0
Invocations    | 1 2 3 4 |  4.9
Dodging        | 3 |  3.2
Stealth        | |  1.5
Spellcasting   | |  1.3
Conjurations   | |  0.6
Poison Magic   | |  2.1

Action                   |  1- 3 |  4- 6 |  7- 9 || total
-------------------------+-------+-------+-------++-------
Melee: Unarmed           |   149 |       |       ||   149
       Headbutt          |    29 |    26 |    61 ||   116
       Dagger            |    33 |    29 |       ||    62
       War axe           |       |   124 |   330 ||   454
Invok: Stomp             |       |       |     4 ||     4
Evoke: Wand              |       |       |     6 ||     6
  Use: Scroll            |       |    13 |    11 ||    24
 Stab: Paralysed         |       |     1 |    16 ||    17
  Eat: Chunk             |     3 |     8 |    15 ||    26
Armor: Scale mail        |    99 |    62 |     3 ||   164
       Robe              |     3 |       |       ||     3
       Chain mail        |       |       |   140 ||   140
Dodge: Dodged            |    92 |    88 |    70 ||   250
Block: Other             |       |     7 |       ||     7
       Reflection        |       |     1 |     4 ||     5
       Buckler           |       |    18 |    48 ||    66
       Shield            |       |       |   120 ||   120

Vault maps used:
D:1:      matt_arrival_refuge, kennysheep_boxes
D:2:      old_standard_altar, uniq_sigmund
D:3:      uniq_crazy_yiuf_cottage, uniq_terence
D:4:      overflow_temple_1_default, minmay_temple_entry_glassed_door
D:5:      kennysheep_spiral_hall, lemuel_crystal_altar, first_ration,
          kennysheep_potato, uniq_edmund
D:6:      lemuel_doored_altar, fedhas_altar_4
D:7:      the_bakery
D:9:      grunt_temple_overflow_open, special_room
Temple:   regret_index_temple_generic_petals
